 Dungeon Crawl Stone Soup version 0.32-a0-43-g058985b245 (webtiles) character file.

Game seed: 2784495936763534544

429 pokeman the Magician (level 6, 0/34 HPs)
             Began as a Deep Elf Hedge Wizard on Feb 4, 2024.
             Slain by a black bear (5 damage)
             ... on level 4 of the Dungeon.
             The game lasted 00:05:36 (3894 turns).

pokeman the Magician (Deep Elf Hedge Wizard)        Turns: 3894, Time: 00:05:36

Health: 0/34       AC:  3    Str:  7    XL:     6   Next: 66%
Magic:  7/18       EV: 13    Int: 21    God:
Gold:   225        SH:  0    Dex: 14    Spells: 8/19 levels left

rFire   . . .        s - +2 short sword (venom)
rCold   . . .        (no shield)
rNeg    . . .        n - +1 robe {Will+}
rPois   .            c - +0 hat
rElec   .            (no cloak)
rCorr   .            (no gloves)
SInv    .            (no boots)
Will    +....        (no amulet)
Stlth   ++           (no ring)
HPRegen 0.25/turn    (no ring)
MPRegen 0.16/turn

%: no passive effects
@: very slightly contaminated
A: no striking features
a: no special abilities


You were on level 4 of the Dungeon.
You visited 1 branch of the dungeon, and saw 6 of its levels.

You collected 225 gold pieces.

Inventory:

Hand Weapons
 s - a +2 short sword of venom (weapon)
Armour
 c - a +0 hat (worn)
 n - a +1 robe of willpower (worn)
Scrolls
 b - 2 scrolls of immolation {unknown}
 e - a scroll of fear {unknown}
 f - 5 scrolls of identify {unknown}
 g - 2 scrolls of enchant armour {unknown}
 k - a scroll of fog {unknown}
 l - 2 scrolls of amnesia {unknown}
 m - a scroll of enchant weapon {unknown}
 p - a scroll of acquirement {unknown}
 r - 2 scrolls of noise {unknown}
 t - a scroll of blinking {unknown}
Potions
 a - 3 potions of curing {unknown}
 d - a potion of magic
 h - 2 potions of mutation {unknown}
 i - a potion of resistance {unknown}
 j - a potion of might {unknown}
 o - a potion of heal wounds {unknown}
 q - a potion of haste {unknown}


   Skills:
 + Level 1.5 Fighting
 - Level 1.1 Armour
 - Level 3.1 Dodging
 - Level 3.0 Stealth
 * Level 7.3 Spellcasting
 + Level 3.3 Conjurations
 - Level 1.1 Summonings
 - Level 1.1 Translocations
 - Level 1.0 Air Magic
 + Level 1.5 Earth Magic
 - Level 1.0 Alchemy


You had 8 spell levels left.
You knew the following spells:

 Your Spells              Type           Power      Damage    Failure   Level
a - Magic Dart            Conj           84%        1d7       2%          1
b - Mephitic Cloud        Conj/Alch/Air  15%        N/A       12%         3
c - Call Imp              Summ           24%        N/A       9%          2
d - Blink                 Tloc           24%        N/A       9%          2
e - Stone Arrow           Conj/Erth      34%        3d9       10%         3

Your spell library contained the following spells:

 Spells                   Type           Power      Damage    Failure   Level
 Sandblast                Erth           28%        2d8       4%          1
 Freeze                   Ice            28%        1d5       9%          1
 Slow                     Hex            28%        N/A       9%          1
 Cigotuvi's Dreadful Rot  Necr/Alch/Air  20%        N/A       10%         2
 Hailstorm                Conj/Ice       14%        3d6       13%         3
 Passwall                 Erth           14%        N/A       14%         3
 Confusing Touch          Hex            7%         N/A       26%         3
 Frozen Ramparts          Ice            14%        1d3       26%         3
 Sigil of Binding         Hex            7%         N/A       26%         3
 Vampiric Draining        Necr           7%         2d6       26%         3
 Brom's Barrelling Bould  Conj/Erth      17%        2d4       30%         4


Dungeon Overview and Level Annotations

Branches:
Dungeon (6/15)
 Temple: D:4-7

Altars:
Makhleb
Okawaru
Zin

Annotations:
D:4 Menkaure


Message History

Aiming: Magic Dart (safe; 2% risk of failure)
Press: ? - help, Shift-Dir - straight line, f/p - Menkaure
Aim: Menkaure (severely damaged, fast, 100% to hit)
The magic dart hits Menkaure.
Menkaure is severely damaged.
Menkaure casts a spell at you. You resist with some effort.
The black bear misses you. The black bear claws you.
The black bear completely misses you.
Casting: Magic Dart (safe; 2% risk of failure)
Confirm with . or Enter, or press ? or * to list all spells.
Aiming: Magic Dart (safe; 2% risk of failure)
Press: ? - help, Shift-Dir - straight line, f/p - Menkaure
Aim: Menkaure (severely damaged, fast, 100% to hit)
The magic dart hits Menkaure but does no damage.
Menkaure is severely damaged.
Menkaure casts a spell at you. Pain shoots through your body!
The black bear bites you. The black bear barely misses you.
The black bear closely misses you.
Menkaure calls on the powers of darkness!
The black bear convulses!
Your body is wracked with pain!
* * * LOW HITPOINT WARNING * * *
Casting: Magic Dart (safe; 2% risk of failure)
Confirm with . or Enter, or press ? or * to list all spells.
Aiming: Magic Dart (safe; 2% risk of failure)
Press: ? - help, Shift-Dir - straight line, f/p - Menkaure
Aim: Menkaure (severely damaged, fast, 100% to hit)
The magic dart hits Menkaure.
Menkaure is almost destroyed.
The black bear misses you. The black bear claws you.
* * * LOW HITPOINT WARNING * * *
The black bear claws you.
* * * LOW HITPOINT WARNING * * *
Menkaure casts a spell at you. You resist with some effort.
Casting: Magic Dart (safe; 2% risk of failure)
Confirm with . or Enter, or press ? or * to list all spells.
You miscast Blink.
You are very lightly contaminated with residual magic.
Nothing appears to happen.
The black bear bites you.
You die...

# #..........#
#####.........## #######
.............## .......
.............# .......
#####.......## ....... #
#.........#####.......
###.###.........#.......
##..............#M?...$.
##..###.........@h......
##..#...................
......)..)..............
.....).......#..########
.....).........##
....####.....###
...........#...#
...##........#.#
.......#.......#


You could see a black bear and Menkaure (fast).

Vanquished Creatures
  An ogre (D:4)
  2 jellies
  A bombardier beetle (D:2)
  An orc priest (D:4)
  A hound (D:6)
  An iguana (D:4)
  4 gnolls
  4 adders
  3 dart slugs
  7 orcs
  9 bats
  8 endoplasms
  A giant cockroach (D:3)
  4 goblins (D:3)
  11 hobgoblins
  4 quokkas
  9 ball pythons
  3 frilled lizards
  6 kobolds
  5 rats
85 creatures vanquished.

Notes
Turn   | Place    | Note
-------+----------+-------------------------------------------
     0 | D:1      | pokeman the Deep Elf Hedge Wizard began the quest for the
                  | Orb.
     0 | D:1      | Reached XP level 1. HP: 10/10 MP: 7/7
   243 | D:1      | Reached XP level 2. HP: 4/16 MP: 2/9
  1174 | D:2      | Reached skill level 5 in Spellcasting
  1272 | D:2      | Reached XP level 3. HP: 20/20 MP: 6/11
  1276 | D:2      | Learned a level 3 spell: Mephitic Cloud
  1279 | D:2      | Learned a level 2 spell: Call Imp
  1282 | D:2      | Learned a level 2 spell: Blink
  1609 | D:2      | Reached skill level 1 in Fighting
  1609 | D:2      | Reached skill level 1 in Armour
  1609 | D:2      | Reached XP level 4. HP: 23/25 MP: 10/13
  2168 | D:3      | Noticed a cacodemon
  2177 | D:3      | Found a burning altar of Makhleb.
  2356 | D:3      | You fall into a shaft and drop 3 floors!
  2373 | D:6      | Reached skill level 6 in Spellcasting
  2373 | D:6      | Reached XP level 5. HP: 20/29 MP: 2/15
  2534 | D:5      | Entered Level 5 of the Dungeon
  2682 | D:4      | Learned a level 3 spell: Stone Arrow
  3066 | D:3      | Found a glowing silver altar of Zin.
  3066 | D:3      | Noticed an angel
  3197 | D:3      | Reached skill level 1 in Alchemy
  3197 | D:3      | Found an iron altar of Okawaru.
  3365 | D:4      | Reached XP level 6. HP: 34/34 MP: 12/17
  3441 | D:4      | Reached skill level 1 in Air Magic
  3521 | D:4      | Reached skill level 7 in Spellcasting
  3521 | D:4      | Reached skill level 1 in Earth Magic
  3883 | D:4      | Noticed Menkaure
  3894 | D:4      | Slain by a black bear

Illustrated notes

Levels and vault maps discovered:
D:1:      dpeg_arrival_rhombus, layout_basic
D:2:      layout_loops_ring
D:3:      layout_rooms, grunt_temple_overflow_order_and_chaos_2,
          okawaru_altar_gauntlet_db
D:4:      layout_rooms, uniq_menkaure
D:5:      layout_loops_ring, minmay_fractal_squares_diagonal_5, uniq_sigmund
D:6:      layout_loops_ring, lemuel_round_altar,
          chequers_temple_overflow_statue_of_worship,
          mainiacjoe_overflow_chevrons, temple_pool_b

Skill      XL: |  1  2  3  4  5  6 |
---------------+-------------------+-----
Spellcasting   | 5 6 7 |  7.3
Fighting       | 1 |  1.5
Armour         | 1 |  1.1
Conjurations   | 2 3 |  3.3
Stealth        | 3 |  3.0
Dodging        | 3 |  3.1
Alchemy        | 1 |  1.0
Air Magic      | 1 |  1.0
Earth Magic    | 1 |  1.5
Summonings     | |  1.1
Translocations | |  1.1

Action                     |  1- 3 |  4- 6 || total
---------------------------+-------+-------++-------
  Melee: Dagger            |     4 |       ||     4
         Mace              |     6 |     8 ||    14
         Short sword       |       |    16 ||    16
   Cast: Magic Dart        |    73 |   144 ||   217
         Mephitic Cloud    |     1 |     4 ||     5
         Blink             |       |     1 ||     1
   Stab: Confused          |     1 |     1 ||     2
         Sleeping          |     1 |     1 ||     2
 Armour: Robe              |    12 |    23 ||    35
  Dodge: Dodged            |     9 |    31 ||    40

Table legend: (Time is in decaauts)
 A = Elapsed time spent in this place.
 B = Non-inter-level travel time spent in this place.
 C = Inter-level travel time spent in this place.
 D = Time resting spent in this place.
 E = Time spent auto-exploring this place.
 F = Levels seen in this place.
 G = Mean time per level.
                   A        B        C        D        E       F      G
               +--------+--------+--------+--------+--------+-----+--------+
         Total |   3898 |   3819 |     79 |     30 |   3300 |   6 |  649.7 |
       Dungeon |   3898 |   3819 |     79 |     30 |   3300 |   6 |  649.7 |
               +--------+--------+--------+--------+--------+-----+--------+

Top non-repeatable levels by time:
     D:1: 1094 daAuts
     D:2: 1024 daAuts
     D:3: 833 daAuts
     D:4: 763 daAuts
     D:6: 177 daAuts
     D:5: 4 daAuts
